 Dungeon Crawl Stone Soup version 0.17.0-24-gcfadda4 (console) character file.

47 gw the Bolt Thrower (level 3, -4/28 HPs)
             Began as a Human Hunter on Nov 17, 2015.
             Slain by Natasha (8 damage)
             ... on level 2 of the Dungeon.
             The game lasted 00:02:02 (1569 turns).

gw the Bolt Thrower (Human Hunter)                  Turns: 1569, Time: 00:02:02

Health: -4/28      AC:  4    Str: 12    XL:     3   Next: 97%
Magic:  3/3        EV: 12    Int: 11    God:
Gold:   82         SH:  0    Dex: 14    Spells: 0 memorised, 2 levels left

rFire  . . .     SeeInvis .     c - +0 short sword
rCold  . . .     Clarity  .     d - +0 leather armour
rNeg   . . .     SustAt   .     (no shield)
rPois  .         Gourm    .     (no helmet)
rElec  .         Spirit   .     (no cloak)
rCorr  .         Warding  .     f - +0 pair of gloves
rMut   .         Stasis   .     (no boots)
MR     .....                    (no amulet)
Stlth  +.........               (no ring)
                                (no ring)

@: slowed, very slow, not resistant to hostile enchantments, very unstealthy
A: no striking features
a: no special abilities


You were on level 2 of the Dungeon.
You were not hungry.

You visited 1 branch of the dungeon, and saw 2 of its levels.

You collected 82 gold pieces.

Inventory:

Hand Weapons
 a - a +1 hand crossbow
 c - a +0 short sword (weapon)
Missiles
 b - 13 bolts
Armour
 d - a +0 leather armour (worn)
 f - a +0 pair of gloves (worn)
Scrolls
 g - a scroll of remove curse
 i - a scroll of identify
Potions
 h - a potion of curing {unknown}
Comestibles
 e - a bread ration
 j - a chunk of flesh
 l - a meat ration


   Skills:
 + Level 2.4 Fighting
 + Level 0.4 Short Blades
 * Level 4.6 Crossbows
 + Level 1.5 Armour
 - Level 2.0 Dodging
 - Level 1.0 Stealth


You had 2 spell levels left.
You didn't know any spells.

Dungeon Overview and Level Annotations

Branches:
Dungeon (2/15)

Altars:

Annotations:
D:2 Natasha


Message History

Natasha claws you.
The crimson imp blinks!
ATTACK MOVE TO (-1,0)
You closely miss Natasha.
Natasha is severely wounded.
Natasha completely misses you. Natasha closely misses you.
The crimson imp shouts, "Embrace thy doom, thou fawning unchin-snouted socdollager!"
ATTACK MOVE TO (-1,0)
You barely miss Natasha.
Natasha is severely wounded.
Natasha mewls in sadness.
Natasha casts a spell at you. The magic dart hits you!
Natasha mumbles some strange words.
Natasha's fingertips start to glow.
Natasha misses you. The crimson imp hits you.
ATTACK MOVE TO (-1,0)
You barely miss Natasha.
Natasha is severely wounded.
Natasha claws you!
You die...

........... .........# .
#........# .......(...
#......... #.......... #.......#
. +........... ##.....#.#.. ..
#............ . #.%.....#.#...
..............###.......#.#...
........#+###.hp5............
........#.......5..........####
.....%.%....#..................
.......<......(.#..........[...
#...............#..............
#....(..........#..............
...................#...(.......
.......................<........
.....................##.........


You could see Natasha and 2 crimson imps.

Table legend:
 A = Turns spent in this place as a percentage of turns spent in the entire game.
 B = Non-inter-level travel turns spent in this place as a percentage of non-inter-level travel turns spent in the entire game.
 C = Inter-level travel turns spent in this place as a percentage of turns spent in this place.
 D = Turns resting spent in this place as a percentage of non-inter-level travel turns spent in this place.
 E = Turns spent auto-exploring this place as a percentage of non-inter-level travel turns spent in this place.
 F = Non-inter-level travel turns spent in this place divided by the number of levels of this place that you've seen.
                   A       B       C       D       E      F
               +-------+-------+-------+-------+-------+----------------------
         Total | 100.0 | 100.0 |   0.3 |   1.1 |   2.3 | 1046.5
       Dungeon | 100.0 | 100.0 |   0.3 |   1.1 |   2.3 | 1046.5
               +-------+-------+-------+-------+-------+----------------------

Table legend:
 A = Kills in this place as a percentage of kills in entire the game.
 B = Kills by you in this place as a percentage of kills by you in the entire game.
 C = Kills by friends in this place as a percentage of kills by friends in the entire game.
 D = Other kills in this place as a percentage of other kills in the entire game.
 E = Experience gained in this place as a percentage of experience gained in the entire game.
 F = Experience gained in this place divided by the number of levels of this place that you have seen.
                   A       B       C       D       E      F
               +-------+-------+-------+-------+-------+----------------------
         Total | 100.0 | 100.0 |  -nan |  -nan | 100.0 |  34.0
       Dungeon | 100.0 | 100.0 |  -nan |  -nan | 100.0 |  34.0
               +-------+-------+-------+-------+-------+----------------------

Vanquished Creatures
  An adder (D:2)
  An ooze (D:1)
  2 worms (D:2)
  8 bats
  A giant cockroach (D:2)
  7 goblins
  A hobgoblin (D:2)
  2 kobolds (D:1)
  A giant gecko (D:1)
  A giant newt (D:1)
25 creatures vanquished.

Notes
Turn   | Place    | Note
--------------------------------------------------------------
     0 | D:1      | gw the Human Hunter began the quest for the Orb.
     0 | D:1      | Reached XP level 1. HP: 16/16 MP: 1/1
   147 | D:1      | Reached XP level 2. HP: 22/22 MP: 2/2
   791 | D:1      | Reached skill level 1 in Armour
  1042 | D:2      | Reached XP level 3. HP: 28/28 MP: 3/3
  1558 | D:2      | Noticed Natasha
  1569 | D:2      | Slain by Natasha

Action                   || total
-------------------------++-------
Melee: Short sword       ||    69
 Fire: Hand crossbow     ||    36
  Use: Scroll            ||     7
 Stab: Sleeping          ||     1
  Eat: Chunk             ||     2

Vault maps used:
D:1:      dpeg_chamrin_arrival_tetris
D:2:      uniq_natasha
